 Dungeon Crawl Stone Soup version 0.30-a0-830-gfe289a77b0 (webtiles) character file.

Game seed: 7507954484906388278

43 pyrow613 the Trooper (level 3, -3/31 HPs)
             Began as a Demigod Fighter on Feb 28, 2023.
             Slain by a gnoll
             ... wielding a +1 halberd of freezing
              (6 damage)
             ... on level 2 of the Dungeon.
             The game lasted 00:01:25 (893 turns).

pyrow613 the Trooper (Demigod Fighter)               Turns: 893, Time: 00:01:25

Health: -3/31      AC:  6    Str: 21    XL:     3   Next: 20%
Magic:  5/5        EV:  9    Int: 10    God:
Gold:   100        SH:  4    Dex: 13    Spells: 2/2 levels left

rFire   . . .      SeeInvis .    e - +0 hand axe
rCold   . . .      Faith    .    c - +0 buckler
rNeg    . . .      Spirit   .    b - +0 scale mail
rPois   .          Reflect  .    (no helmet)
rElec   .          Harm     .    (no cloak)
rCorr   .          Rampage  .    (no gloves)
Will    .....                    (no boots) Stlth
                                 (no amulet)
HPRegen 0.25/turn                g - +4 ring of slaying
MPRegen 0.09/turn                (no ring)

@: mighty
A: high MP 1, forlorn, divine attributes
a: no special abilities


You were on level 2 of the Dungeon.
You visited 1 branch of the dungeon, and saw 2 of its levels.

You collected 100 gold pieces.

Inventory:

Hand Weapons
 a - a +0 war axe
 e - a +0 hand axe (weapon)
Armour
 b - a +0 scale mail (worn)
 c - a +0 buckler (worn)
Jewellery
 g - a +4 ring of slaying (left hand)
Scrolls
 f - a scroll of blinking {unknown}
 h - a scroll of torment {unknown}
 i - a scroll of identify {unknown}
 l - a scroll of enchant weapon {unknown}
 m - a scroll of fog {unknown}
Potions
 d - a potion of might
 j - a potion of cancellation {unknown}
 k - 2 potions of attraction {unknown}


   Skills:
 + Level 3.2 Fighting
 * Level 3.0 Axes
 - Level 2.6 Armour
 - Level 2.6 Shields


You had 2 spell levels left.
You didn't know any spells.
Your spell library was empty.

Dungeon Overview and Level Annotations

Branches:
Dungeon (2/15)

Shops:
D:1 =


Innate Abilities, Weirdness & Mutations

You have an increased reservoir of magic. (+10% MP)
You shall have no god before yourself.
Your divine heritage dramatically boosts your attributes as you level up.


Message History

Found 16 gold pieces.
You slash the goblin!
You kill the goblin!
Your Axes skill increases to level 3!
Found a mace.
Things that are here:
a +0 club; a goblin corpse You hit the jackal.
The jackal is heavily wounded.
The jackal completely misses you. The jackal closely misses you.
You hit the jackal.
You kill the jackal!
You hit the endoplasm.
The endoplasm hits you but does no damage.
The jackal closely misses you.
You slash the endoplasm!
You kill the endoplasm!
You hit the jackal. The jackal closely misses you.
You hit the jackal.
You kill the jackal!
No target in view!
No target in view!
No target in view!
Okay, then.
Found a chain mail.
Found a stone staircase leading down.
You now have 100 gold pieces (gained 16). 3 gnolls come into view.
A gnoll is wielding a +1 halberd of freezing.
You feel very mighty all of a sudden.
A gnoll comes into view. It is wielding a +0 whip.
The gnoll barely misses you. The gnoll hits you with a +0 flail.
You slash the gnoll!
The gnoll is severely wounded.
The gnoll hits you from afar with a +1 halberd of freezing!
The gnoll freezes you. The gnoll hits you with a +0 flail.
* * * LOW HITPOINT WARNING * * *
The gnoll hits you from afar with a +0 spear.
* * * LOW HITPOINT WARNING * * *
The gnoll hits you from afar with a +1 halberd of freezing.
You die...

#.##.###..........#
#.##..............#
......##..#.......#
#.##...#..#.......#
###.##.#.#>.#.......#
................####
#.####.#..####.#
#.$....#..# #.#
#.@#####..# #.# #g.#
#..# #.# #.gg. ...#
#.# #...## ##... ..#
#...# #### ### #..g#
#...# #...#


You could see 4 gnolls.

Vanquished Creatures
  2 bats (D:1)
  3 endoplasms
  3 giant cockroaches (D:1)
  3 goblins
  5 hobgoblins (D:1)
  2 jackals (D:2)
  A kobold (D:1)
  2 quokkas (D:1)
  10 ball pythons (D:1)
  5 frilled lizards (D:1)
  2 rats (D:1)
38 creatures vanquished.

Notes
Turn   | Place    | Note
-------+----------+-------------------------------------------
     0 | D:1      | pyrow613 the Demigod Fighter began the quest for the Orb.
     0 | D:1      | Reached XP level 1. HP: 18/18 MP: 3/3
   110 | D:1      | Reached XP level 2. HP: 25/25 MP: 4/4
   605 | D:1      | Found Onaibro's One-of-a-Kind Rings.
   608 | D:1      | Reached XP level 3. HP: 31/31 MP: 5/5
   893 | D:2      | Slain by a gnoll

Illustrated notes

Levels and vault maps discovered:
D:1:      ebering_hopf_link, layout_loops_ring, minmay_crystal_water,
          nicolae_shop_unique_rings, hangedman_decor_growths, minmay_misc_feat_x
D:2:      minmay_spotlight, layout_loops_ring, basic_altar,
          kennysheep_generic_room_5

Skill      XL: |  1  2  3 |
---------------+----------+-----
Axes           | 2 3 |  3.0
Fighting       | 3 |  3.2
Armour         | |  2.6
Shields        | |  2.6

Action                     || total
---------------------------++-------
  Melee: Hand axe          ||    71
    Use: Potion            ||     1
 Armour: Scale mail        ||    31
  Dodge: Dodged            ||    46
  Block: Buckler           ||    16

Table legend: (Time is in decaauts)
 A = Elapsed time spent in this place.
 B = Non-inter-level travel time spent in this place.
 C = Inter-level travel time spent in this place.
 D = Time resting spent in this place.
 E = Time spent auto-exploring this place.
 F = Levels seen in this place.
 G = Mean time per level.
                   A        B        C        D        E       F      G
               +--------+--------+--------+--------+--------+-----+--------+
         Total |    912 |    871 |     41 |      0 |    704 |   2 |  456.0 |
       Dungeon |    912 |    871 |     41 |      0 |    704 |   2 |  456.0 |
               +--------+--------+--------+--------+--------+-----+--------+

Top non-repeatable levels by time:
     D:1: 855 daAuts
     D:2: 57 daAuts
